 Dungeon Sprint DCSS version 0.20-a0-633-gff4aa5c (webtiles) character file.

1191 LORDOFBUTT the Jinx (level 8, 0/36 HPs)
             Began as a Spriggan Enchanter on Feb 12, 2017.
             Was an Initiate of Gozag.
             Killed by an exploding ballistomycete spore (20 damage)
             ... in the Dungeon (Sprint I: "Red Sonja").
             The game lasted 00:02:31 (614 turns).

LORDOFBUTT the Jinx (Spriggan Enchanter)             Turns: 614, Time: 00:02:32

Health: 0/36       AC:  2    Str:  6    XL:     8   Next: 20%
Magic:  25/25      EV: 18    Int: 17    God:    Gozag
Gold:   441        SH:  0    Dex: 16    Spells: 25/31 levels left

rFire    . . .     SeeInvis +   k - +2 rapier (elec)
rCold    . . .     Gourm    .   b - +0 robe
rNeg     . . .     Faith    .   (shield restricted)
rPois    .         Spirit   .   (helmet restricted)
rElec    .         Reflect  .   (no cloak)
rCorr    .         Harm     .   (gloves unavailable)
MR       +....     NoTele   +   (boots unavailable)
Stlth    ++........             (no amulet)
Regen    0.2/turn               (no ring)
                                (no ring)

@: confused, very quick
A: unfitting armour, see invisible, herbivore 3, speed 3, slow metabolism 2
a: Potion Petition, Call Merchant, Bribe Branch, Renounce Religion


You were in the Dungeon.
You worshipped Gozag.
Gozag was aware of your devotion.
You were not hungry.

You visited 1 branch You collected 441 gold pieces.

Inventory:

Hand Weapons
 k - a +2 rapier of electrocution (weapon)
Armour
 b - a +0 robe (worn)
Scrolls
 j - a scroll of blinking
Potions
 e - a potion of curing
 f - a potion of heal wounds
 g - a potion of haste
 h - 2 potions of magic
 i - a potion of berserk rage
Books
 c - a book of Maledictions

   Spells                             Type                      Level
   a - Corona                         Hexes                        1
   b - Ensorcelled Hibernation        Hexes/Ice                    2
   c - Confuse                        Hexes                        3
   d - Tukima's Dance                 Hexes                        3
   e - Dazzling Spray                 Conjuration/Hexes            3
Comestibles
 d - a bread ration


   Skills:
 + Level 8.1 Short Blades
 - Level 3.0 Dodging
 + Level 11.8 Stealth
 * Level 12.3 Spellcasting
 * Level 12.4 Hexes
 + Level 2.6 Ice Magic


You had 25 spell levels left.
You knew the following spells:

 Your Spells              Type           Power        Failure   Level  Hunger
a - Corona                Hex            ######.      1%          1    None
b - Ensorcelled Hibernat  Hex/Ice        #####.       1%          2    None
c - Confuse               Hex            ######..     1%          3    None


Dungeon Overview and Level Annotations

Branches:
Dungeon (1/1)

Altars:
Cheibriados
Dithmenos
Elyvilon
Fedhas
Gozag
Hepliaklqana
Kikubaaqudgha
Makhleb
Nemelex Xobeh
Okawaru
Qazlal
Ru
Sif Muna
Trog
Uskayaw
Vehumet
Xom
Yredelemnul
Zin
The Shining One
Jiyva
Lugonu

Shops:
D ?


Innate Abilities, Weirdness & Mutations

You are very small and have problems with some larger weapons.
You are too small for most types of armour.
You have supernaturally acute eyesight. (SInv)
You are a herbivore.
You cover ground extremely quickly.
You need consume almost no food.


Message History

Things that are here:
an uncursed short sword of distortion; an uncursed blowgun 9 curare-tipped needles You open the door. 2 ballistomycete spores come into view.
Found 96 gold pieces, 2 potions of curing, a hunting sling and a short sword.
Found 54 gold pieces.
There is an open door here.
The helpless ballistomycete spore fails to defend itself.
You perforate the ballistomycete spore like a sieve!!!
The ballistomycete spore explodes!
A fungus suddenly grows.
The explosion of spores engulfs you!
You are confused.
The explosion of spores engulfs the ballistomycete spore.
The ballistomycete spore explodes!
The explosion of spores engulfs you!
You are more confused.
Ouch! That really hurt!
You die...
Your body crumbles into a pile of gold.

#..#_____##'#..+
#⌠⌠#_.∩...'..._#
$$
####_..__##_.#'#
$$#_____###'#)#
$ #########.###
$ +...+$$ $$
#.).# $ ##.## $
$#@#$ $ #$!$!$#
#$P$)$# #######
$ $


$$$$ There were no monsters in sight!

Vanquished Creatures
  Sonja (D)
  A slime creature (D)
  Sigmund (D)
  A yak (D)
  An ogre (D)
  A jelly (D)
  Ijyb (D)
7 creatures vanquished.

Vanquished Creatures (others)
  A gargoyle (D)
1 creature vanquished.

Grand Total: 8 creatures vanquished

Notes
Turn   | Place    | Note
-------+----------+-------------------------------------------
     0 | D        | LORDOFBUTT the Spriggan Enchanter began the quest for the Orb.
     0 | D        | Reached XP level 1. HP: 9/9 MP: 5/5
     1 | D        | Noticed Ijyb
     5 | D        | Killed Ijyb
     5 | D        | Reached skill level 5 in Stealth
     5 | D        | Reached skill level 5 in Hexes
     5 | D        | Reached XP level 2. HP: 7/13 MP: 5/8
   149 | D        | Learned a level 2 spell: Ensorcelled Hibernation
   205 | D        | Killed a gargoyle
   251 | D        | Noticed an ogre
   255 | D        | Killed an ogre
   255 | D        | Reached XP level 3. HP: 16/16 MP: 2/12
   255 | D        | Reached XP level 4. HP: 21/21 MP: 2/13
   260 | D        | Learned a level 3 spell: Confuse
   277 | D        | Noticed Sigmund
   280 | D        | Killed Sigmund
   280 | D        | Reached skill level 5 in Short Blades
   280 | D        | Reached XP level 5. HP: 24/24 MP: 4/17
   280 | D        | Reached XP level 6. HP: 28/28 MP: 4/19
   293 | D        | Found a burning altar of Makhleb.
   293 | D        | Found a viscous altar of Jiyva.
   293 | D        | Found a shimmering altar of Xom.
   293 | D        | Found a corrupted altar of Lugonu.
   293 | D        | Noticed a slime creature
   321 | D        | Killed a slime creature
   321 | D        | Reached skill level 10 in Stealth
   321 | D        | Reached skill level 10 in Spellcasting
   321 | D        | Reached skill level 10 in Hexes
   525 | D        | Found a deep blue altar of Sif Muna.
   527 | D        | Found a radiant altar of Vehumet.
   549 | D        | Found Rawk's Magic Scroll Emporium.
   549 | D        | Found an ancient bone altar of Kikubaaqudgha.
   549 | D        | Found a hazy altar of Hepliaklqana.
   549 | D        | Found a stormy altar of Qazlal.
   549 | D        | Found a hide-covered altar of Uskayaw.
   549 | D        | Found a blossoming altar of Fedhas.
   549 | D        | Found a bloodstained altar of Trog.
   549 | D        | Found an iron altar of Okawaru.
   549 | D        | Found a basalt altar of Yredelemnul.
   549 | D        | Found a glowing golden altar of the Shining One.
   549 | D        | Found a snail-covered altar of Cheibriados.
   549 | D        | Found a sacrificial altar of Ru.
   549 | D        | Found a glowing silver altar of Zin.
   549 | D        | Found a shadowy altar of Dithmenos.
   549 | D        | Found a white marble altar of Elyvilon.
   549 | D        | Noticed a yak
   550 | D        | Found an opulent altar of Gozag.
   551 | D        | Killed a yak
   551 | D        | Reached XP level 7. HP: 32/32 MP: 20/22
   552 | D        | Found a sparkling altar of Nemelex Xobeh.
   565 | D        | Became a worshipper of Gozag Ym Sagoz the Greedy
   588 | D        | Noticed Sonja
   592 | D        | Killed Sonja
   592 | D        | Reached XP level 8. HP: 36/36 MP: 23/25
   614 | D        | Killed by an exploding ballistomycete spore

Vault maps used:
D:        dungeon_sprint_1

Skill      XL: |  1  2  3  4  5  6  7 |
---------------+----------------------+-----
Short Blades   | 2 4 5 7 8 |  8.1
Stealth        | 5 7 9 10 11 | 11.8
Spellcasting   | 4 6 9 11 12 | 12.3
Hexes          | 5 7 9 11 12 | 12.4
Ice Magic      | 2 |  2.6
Dodging        | |  3.0

Action                   |  1- 3 |  4- 6 |  7- 9 || total
-------------------------+-------+-------+-------++-------
Melee: Dagger            |     3 |     7 |       ||    10
       Rapier            |       |       |     2 ||     2
 Cast: Ensorcelled Hiber |     3 |     3 |       ||     6
       Confuse           |       |     1 |       ||     1
 Stab: Sleeping          |     2 |     4 |     2 ||     8
Dodge: Dodged            |     1 |     2 |       ||     3
